Map: [ESL] Oceanborn

Players

herO

  • Race: Protoss Protoss
  • Spawn Location: 5:00

Serral - Winner!

  • Race: Zerg Zerg
  • Spawn Location: 11:00

Event: ESL Spring 2024 Finals

VOD

Have the link to the VOD?

Description

Time

  • Played on: May 31, 2024, 5:21 p.m.
  • Length: 13:56

All games in this series

Show
View Real Time Build Order
Export as new Build Order

herO Protoss 

Build Orders: 1 Gate Expand, Oracle Opening 

Get SALT Encoding   

  12  0:00  Probe  
  13  0:12  Probe  
  14  0:17  Pylon  
  14  0:24  Probe (Chrono Boost)  
  15  0:36  Probe (Chrono Boost)  
  16  0:43  Gateway  
  16  0:44  Probe (Chrono Boost)  
  16  0:48  Assimilator  
  17  0:50  Probe  
  18  1:03  Probe  
  19  1:15  Probe  
  20  1:26  Nexus  
  20  1:38  Cybernetics Core  
  20  1:39  Probe  
  21  1:45  Assimilator  
  21  1:51  Probe  
  22  1:54  Pylon  
  22  2:03  Probe (Chrono Boost)  
  23  2:14  Adept  
  23  2:15  Probe (Chrono Boost)  
  26  2:16  Stargate  
  26  2:24  Warp Gate, Probe (Chrono Boost)  
  27  2:31  Probe (Chrono Boost)  
  28  2:38  Probe (Chrono Boost)  
  28  2:44  Stalker  
  32  2:47  Probe x2 (Chrono Boost)  
  33  2:52  Probe (Chrono Boost)  
  33  2:53  Probe  
  35  2:58  Oracle (Chrono Boost)  
  38  3:06  Probe x2  
  40  3:14  Adept  
  40  3:18  Probe x2  
  44  3:22  Pylon  
  44  3:25  Gateway  
  44  3:30  Probe x2  
  46  3:40  Oracle (Chrono Boost)  
  49  3:44  Adept  
  51  3:52  Nexus  
  51  3:54  Pylon  
  51  3:56  Probe  
  51  3:57  Probe  
  53  4:05  Pylon  
  53  4:12  Oracle (Chrono Boost), Probe x2  
  53  4:15  Assimilator  
  53  4:17  Assimilator  
  58  4:25  Adept x2  
  58  4:27  Probe x2  
  64  4:35  Pylon  
  64  4:36  Twilight Council  
  64  4:40  Probe  
  64  4:41  Probe  
  64  4:44  Forge  
  66  4:48  Adept x2  
  70  4:54  Probe x2  
  70  4:56  Blink (Chrono Boost)  
  72  5:05  Probe  
  72  5:06  Probe x2  
  75  5:10  Gateway  
  75  5:12  Protoss Ground Weapons Level 1 (Chrono Boost)  
  75  5:13  Gateway, Adept x2  
  79  5:17  Probe  
  80  5:22  Probe x2  
  82  5:33  Stalker  
  82  5:34  Stalker, Probe x2  
  82  5:35  Probe  
  87  5:46  Probe x2  
  87  5:47  Probe  
  90  5:50  Gateway  
  90  5:51  Pylon  
  90  5:52  Gateway  
  84  5:58  Probe  
  84  6:01  Stalker  
  84  6:02  Stalker  
  84  6:03  Probe x2  
  84  6:04  Oracle (Chrono Boost)  
  81  6:10  Probe  
  85  6:19  Nexus  
  85  6:21  Stalker x2  
  85  6:22  Pylon  
  89  6:32  Photon Cannon  
  89  6:35  Pylon  
  89  6:38  Oracle  
  92  6:40  Charge, Stalker x2  
  92  6:44  Pylon  
  96  6:53  Probe x3  
  99  6:55  Photon Cannon  
  99  6:56  Shield Battery, Protoss Ground Weapons Level 2 (Chrono Boost)  
  99  6:57  Stalker x3  
  105  7:07  Probe  
  105  7:08  Probe  
  107  7:09  Forge  
  107  7:10  Probe  
  108  7:18  Gateway  
  108  7:21  Gateway  
  108  7:28  Stalker x5  
  118  7:35  Gateway  
  118  7:36  Probe x2  
  118  7:37  Probe x2  
  122  7:43  Pylon  
  122  7:46  Pylon  
  122  7:58  Stalker x4  
  118  8:02  Probe x3  
  118  8:05  Stalker x2  
  125  8:11  Photon Cannon  
  125  8:12  Shield Battery  
  125  8:13  Protoss Ground Armor Level 1 (Chrono Boost)  
  125  8:14  Nexus  
  125  8:16  Zealot x2, Pylon  
  125  8:19  Pylon  
  129  8:21  Stalker x2  
  129  8:26  Zealot x2  
  137  8:38  Zealot x5  
  147  8:44  Stalker x2  
  151  8:50  Pylon x2  
  151  8:53  Gateway  
  146  9:05  Zealot x4  
  146  9:06  Zealot x2  
  146  9:11  Zealot x3  
  142  9:18  Probe x4  
  142  9:19  Robotics Facility x2  
  142  9:20  Assimilator x2  
  142  9:22  Robotics Facility  
  146  9:24  Protoss Ground Weapons Level 3 (Chrono Boost)  
  146  9:34  Zealot x7  
  154  9:40  Zealot x2  
  154  9:43  Probe  
  154  9:44  Probe x3  
  162  9:57  Templar Archives  
  162  9:58  Shield Battery  
  162  10:03  Zealot x9  
  176  10:18  Immortal x2 (Chrono Boost)  
  176  10:19  Immortal (Chrono Boost)  
  164  10:30  Zealot x7  
  164  10:35  Zealot x3  
  162  10:48  Immortal x2 (Chrono Boost)  
  162  10:49  Immortal (Chrono Boost)  
  148  10:55  Zealot x4  
  160  10:59  Zealot x2  
  160  11:09  Zealot x4  
  110  11:20  High Templar, Immortal x2 (Chrono Boost)  
  110  11:21  High Templar x5  
  110  11:25  Archon x3  
  130  11:29  Zealot x3  
  136  11:35  Zealot  
  138  11:41  Immortal  
  142  11:50  High Templar x2  
  142  11:51  Zealot  
  142  11:52  Immortal (Chrono Boost)  
  152  11:55  Archon  
  152  12:03  Immortal (Chrono Boost)  
  152  12:07  Zealot x6  
  164  12:27  Stalker x2  
  164  12:28  Immortal (Chrono Boost)  
  162  12:34  Zealot x4  
  162  12:35  Immortal (Chrono Boost)  
  134  13:05  Pylon x2  
  133  13:09  Pylon  
  133  13:11  Pylon  
  122  13:13  Pylon  
  103  13:40  Zealot x5  
Show
View Real Time Build Order
Export as new Build Order

Serral Zerg - Winner!

Build Orders: Hatch First, Lurkers, Roach Hydra 

Get SALT Encoding   

  12  0:00  Drone  
  13  0:12  Overlord  
  13  0:16  Drone  
  14  0:30  Drone x2  
  16  0:39  Drone  
  17  0:51  Hatchery  
  17  0:54  Drone  
  17  0:57  Drone  
  18  1:08  Extractor  
  17  1:13  Spawning Pool  
  17  1:16  Drone  
  17  1:20  Drone  
  18  1:27  Drone  
  19  1:38  Drone  
  20  1:48  Overlord  
  20  2:00  Queen  
  22  2:03  Queen  
  22  2:04  Zergling x4  
  26  2:10  Metabolic Boost  
  26  2:12  Drone  
  26  2:14  Drone  
  28  2:21  Drone  
  29  2:24  Drone  
  30  2:36  Hatchery  
  29  2:37  Drone  
  29  2:41  Drone  
  31  2:47  Queen  
  33  2:52  Overlord  
  33  2:54  Drone  
  33  2:57  Drone  
  33  2:58  Drone  
  36  3:08  Overlord  
  36  3:09  Queen  
  36  3:11  Drone  
  39  3:17  Drone x3  
  41  3:21  Drone x2  
  41  3:22  Drone  
  44  3:28  Queen  
  44  3:30  Drone  
  44  3:32  Drone  
  48  3:35  Overlord  
  48  3:39  Overlord  
  48  3:47  Queen  
  50  3:50  Spore Crawler  
  50  3:51  Zergling x2  
  50  3:55  Zergling x6  
  53  3:58  Zergling x2  
  53  3:59  Drone x3  
  57  4:02  Spore Crawler  
  57  4:04  Drone  
  57  4:06  Drone x2  
  59  4:11  Drone x2  
  59  4:13  Drone x2  
  59  4:16  Drone x2  
  65  4:20  Overlord  
  65  4:23  Drone  
  65  4:32  Overlord  
  65  4:35  Roach Warren  
  65  4:37  Drone, Extractor  
  64  4:39  Drone x4  
  64  4:42  Drone x2  
  70  4:46  Lair  
  70  4:48  Zergling x4  
  70  4:50  Zergling x2  
  73  4:54  Spore Crawler  
  73  4:55  Drone x3  
  74  5:00  Zergling x4  
  74  5:02  Drone x4  
  80  5:07  Drone x2  
  80  5:11  Overlord  
  81  5:21  Hatchery  
  81  5:22  Drone  
  81  5:25  Extractor x2  
  81  5:26  Drone  
  81  5:27  Drone  
  81  5:28  Drone, Extractor, Evolution Chamber  
  81  5:29  Drone  
  81  5:34  Roach x4  
  88  5:36  Evolution Chamber  
  88  5:42  Zergling x4  
  89  5:44  Overlord, Evolution Chamber  
  89  5:48  Zergling x6  
  90  5:55  Drone x7  
  88  6:02  Drone x2  
  86  6:04  Overseer  
  86  6:06  Drone  
  86  6:08  Drone  
  86  6:10  Glial Reconstitution, Zerg Missile Weapons Level 1  
  86  6:11  Drone x5  
  92  6:15  Drone x2  
  92  6:18  Drone  
  96  6:21  Overlord  
  96  6:22  Drone  
  97  6:29  Overlord  
  97  6:31  Infestation Pit  
  96  6:34  Overlord x3  
  96  6:35  Queen  
  98  6:42  Queen  
  98  6:43  Roach x6  
  98  6:46  Overlord  
  112  6:52  Roach x3  
  112  6:53  Roach  
  119  6:56  Overlord  
  119  6:59  Overlord  
  119  7:00  Roach x2  
  123  7:04  Zergling x4  
  125  7:09  Drone x2  
  125  7:10  Overlord  
  125  7:11  Zergling x14  
  134  7:16  Overlord  
  134  7:19  Extractor  
  134  7:20  Hydralisk Den, Hive  
  132  7:23  Drone x4  
  132  7:25  Drone  
  137  7:31  Drone x4  
  137  7:33  Overlord  
  137  7:36  Zergling x2  
  137  7:37  Zergling x4  
  144  7:39  Extractor  
  144  7:43  Zergling x16  
  146  7:56  Roach  
  146  7:57  Grooved Spines, Roach x2  
  148  8:01  Hydralisk  
  148  8:02  Hydralisk x7  
  160  8:08  Hydralisk x3  
  162  8:14  Lurker Den  
  162  8:15  Queen  
  162  8:16  Queen  
  162  8:17  Extractor  
  164  8:20  Drone  
  164  8:22  Zerg Missile Weapons Level 2  
  164  8:24  Hydralisk x2  
  169  8:30  Overlord x2  
  169  8:31  Overlord  
  169  8:32  Overlord  
  169  8:36  Overlord  
  169  8:37  Overseer  
  169  8:41  Hydralisk x3  
  169  8:47  Muscular Augments  
  175  8:50  Evolution Chamber  
  175  8:52  Hydralisk x5  
  183  9:02  Hydralisk x2  
  178  9:03  Zergling x10  
  178  9:09  Zergling x2  
  180  9:10  Zergling x12  
  180  9:16  Seismic Spines  
  178  9:18  Lurker x4  
  178  9:19  Zerg Melee Weapons Level 1  
  178  9:22  Zergling x8  
  186  9:27  Zergling x2  
  186  9:28  Zergling x10  
  191  9:42  Lurker x5  
  196  9:46  Overlord  
  196  9:53  Zergling x6  
  196  9:56  Hatchery  
  196  9:58  Spine Crawler  
  197  10:00  Spine Crawler  
  194  10:11  Lurker x5  
  194  10:14  Adaptive Talons  
  199  10:21  Hydralisk x4  
  191  10:26  Hatchery  
  193  10:33  Hydralisk x2  
  193  10:34  Zergling x12  
  199  10:42  Drone x5  
  190  10:44  Zergling x2, Hydralisk x2  
  190  10:45  Zergling x16  
  185  10:50  Drone  
  185  10:51  Drone x4  
  185  10:52  Lurker x4  
  193  11:02  Hydralisk x2  
  193  11:03  Zergling x14  
  199  11:08  Hydralisk x2  
  199  11:09  Zergling x6  
  185  11:16  Hydralisk x3  
  183  11:19  Overseer  
  183  11:21  Hydralisk  
  183  11:22  Drone x3, Hydralisk  
  186  11:31  Lurker x4  
  187  11:34  Drone x6  
  187  11:38  Hydralisk x3  
  191  11:40  Adrenal Glands  
  182  11:48  Zerg Ground Armor Level 1  
  182  11:50  Drone x3  
  182  11:51  Drone  
  186  11:59  Lurker x3  
  186  12:00  Zergling x12  
  190  12:05  Zergling x14  
  188  12:08  Lurker x2  
  188  12:09  Overseer, Lurker x2  
  188  12:14  Zergling x8, Extractor  
  188  12:15  Extractor  
  193  12:24  Lurker  
  193  12:25  Lurker x2  
  194  12:31  Zergling x16  
  191  12:38  Overseer, Lurker x3  
  191  12:41  Hydralisk  
  191  12:42  Hydralisk x2  
  197  12:53  Hydralisk  
  196  12:59  Hydralisk  
  196  13:00  Hydralisk x3  
  194  13:07  Hydralisk x3  
  194  13:09  Overlord  
  194  13:12  Spore Crawler, Overlord  
  188  13:14  Overlord  
  188  13:16  Overlord  
  188  13:18  Hydralisk  
  188  13:19  Hydralisk x4  
  189  13:30  Hydralisk x4  
  185  13:37  Overseer  
Tags
 
Add a new tag
Caveats
  • Supply blocks, unpowered buildings, or Contaminate may cause inaccurate times.
  • Supply counts are checked every 10 seconds.